Description

This audacious build order revolves around harassment with the cyclone followed by producing early ghosts and nukes and strategically placing them to obliterate your opponent's structures and units.

Replay - 2024-04-22 - (P)Tevlev VS (T)RuFF

Build Order

Get SALT Encoding   

  12  0:00  SCV  
  13  0:12  SCV  
  14  0:17  Supply Depot  
  14  0:24  SCV  
  15  0:30  Refinery  
  15  0:38  SCV  
  16  0:44  Barracks  
  16  0:51  SCV  
  17  1:03  SCV  
  18  1:15  SCV  
  19  1:31  Marine  
  19  1:32  Orbital Command  
  20  1:33  Factory  
  20  1:40  Supply Depot  
  20  1:52  Barracks Reactor  
  20  1:58  SCV  
  21  2:11  SCV  
  22  2:21  Factory Tech Lab  
  22  2:23  Refinery  
  22  2:28  Command Center  
  22  2:34  Cyclone x2  
  26  2:38  SCV  
  26  2:41  Supply Depot  
  27  2:45  Barracks Tech Lab  
  28  2:58  Supply Depot  
  33  3:22  Cyclone x2  
  34  3:28  Ghost Academy  
  34  3:46  Supply Depot  
  35  3:57  Cyclone x2  
  36  4:17  Ghost  
  39  4:25  Orbital Command  
  39  4:29  Cyclone x2  
  44  4:49  Refinery x2  
  44  4:50  Ghost  
  48  5:02  Cyclone x2  
  53  5:15  Nuke  
Spawning Tool Build Advisor. Get it on Overwolf

Go to:

Details

  • Created by: asdfer4t
  • Published on: Jun 08, 2024
  • Modified on: Jun 08, 2024
  • Patch: 5.0.11
  • Difficulty: Medium
Show
View Real Time Build Order
Export as new Build Order

Comments (0)

There are no comments. Be the first!

Create an account to comment!